 Dungeon Crawl Stone Soup version 0.22.1-6-g1668fe2c40 (webtiles) character file.

839 Forgol the Slicer (level 8, -1/51 HPs)
             Began as a Kobold Berserker on Jan 22, 2019.
             Was a Believer of Trog.
             Killed by divine providence
             ... invoked by an orc priest
              (12 damage)
             ... on level 6 of the Dungeon.
             The game lasted 00:16:35 (5469 turns).

Forgol the Slicer (Kobold Berserker)                Turns: 5469, Time: 00:16:36

Health: -1/51      AC: 13    Str: 16    XL:     8   Next: 19%
Magic:  8/8        EV: 14    Int:  9    God:    Trog [**....]
Gold:   372        SH:  0    Dex: 14    Spells: 7/7 levels left

rFire    + . .     SeeInvis .   a - +1 short sword
rCold    . . .     Gourm    .   (shield restricted)
rNeg     . . .     Faith    .   e - +4 scale mail {rF+}
rPois    .         Spirit   .   v - -1 helmet (curse)
rElec    .         Reflect  .   s - +0 cloak
rCorr    .         Harm     .   m - +0 pair of gloves
MR       .....                  x - +0 pair of boots
Stlth    ..........             (no amulet)
HPRegen  0.17/turn              (no ring)
MPRegen  0.11/turn              (no ring)

@: about to teleport, berserk cooldown, very slightly contaminated, slowed, very
slow
A: small, carnivore
a: Berserk, Trog's Hand, Renounce Religion


You were on level 6 of the Dungeon.
You worshipped Trog.
Trog was pleased with you.
You were very full.

You visited 1 branch of the dungeon, and saw 6 of its levels.

You collected 372 gold pieces.

Inventory:

Hand Weapons
 a - a +1 short sword (weapon)
Missiles
 l - 5 tomahawks (quivered)
 u - 6 javelins of returning
Armour
 b - a +0 animal skin
 e - a +4 scale mail of fire resistance (worn)
 m - a +0 pair of gloves (worn)
 s - a +0 cloak (worn)
 v - a cursed -1 helmet (worn)
 x - a +0 pair of boots (worn)
Jewellery
 y - a +4 ring of intelligence {unknown}
Wands
 o - a wand of random effects (27)
 D - a wand of acid (10)
Scrolls
 h - 4 scrolls of teleportation
 j - 5 scrolls of identify
 p - a scroll of magic mapping
 t - a scroll of fear
 w - a scroll of enchant weapon
Potions
 d - 2 potions of lignification
 f - 5 potions of curing
 i - 3 potions of heal wounds
 k - a potion of brilliance {unknown}
 n - a potion of magic {unknown}
 q - a potion of flight {unknown}
 r - 2 potions of cancellation {unknown}
 A - a potion of haste {unknown}
 B - a potion of berserk rage {unknown}
Comestibles
 c - 9 rations
 C - 11 chunks of flesh


   Skills:
 + Level 5.7 Fighting
 * Level 9.0 Short Blades
 - Level 1.5 Armour
 + Level 5.6 Dodging


You had 7 spell levels left.
You didn't know any spells.
Your spell library was empty.

Dungeon Overview and Level Annotations

Branches:
Dungeon (6/15)             Temple (0/1) D:6

Altars:
Dithmenos
Fedhas
Nemelex Xobeh
The Shining One


Innate Abilities, Weirdness & Mutations

You are small and have problems with some larger weapons.
You are carnivorous and can eat meat at any time.


Message History

The bullfrog barely misses you. The orc hits you with a morningstar.
* * * LOW HITPOINT WARNING * * *
The orc priest closely misses you.
Okay, then.
Blink to where?
Press: ? - help, Dir - move target cursor You are very lightly contaminated with residual magic.
As you read the scroll of blinking, it crumbles to dust.
Okay, then.
As you read the scroll of teleportation, it crumbles to dust.
You feel strangely unstable. The bullfrog hits you.
* * * LOW HITPOINT WARNING * * *
The bullfrog barely misses you.
Your surroundings suddenly seem different.
As you read the scroll of teleportation, it crumbles to dust.
You feel strangely unstable. The phantom closely misses you.
The orc barely misses you.
The orc priest mumbles some strange prayers to Beogh against you.
Beogh smites you!
You die...

. ##### # . #...# #.
#...#
.##.##############...#
............#........#
............#.F......##
............#.........#
........oF..#.......#.##
.......@W.).o...........
.......#.#....#####.###.
...#..#.#.#(..# #.###.
.. #.#.#.#.#.## #.....
....#.>.#...# #.#.#.
#...#.#.#.#.... #.....
#....#.#.#..###. #.####
......#.# !.# #.##.#
#....#


You could see a phantom, a bullfrog, an orc priest and an orc.

Vanquished Creatures
  3 ogres
  2 centaurs
  A bullfrog (D:3)
  A scorpion (D:5)
  A bullfrog zombie (D:4)
  A gnoll shaman (D:6)
  3 worker ants
  A howler monkey skeleton (D:4)
  6 adders
  5 gnolls (D:6)
  An ooze (D:1)
  2 worms
  A dart slug (D:4)
  3 leopard geckos (D:4)
  6 orcs
  A giant cockroach (D:2)
  6 goblins
  3 hobgoblins
  2 quokkas
  A ball python (D:2)
  2 bats (D:1)
  7 frilled lizards
  A jackal skeleton (D:4)
  11 kobolds
  A leopard gecko skeleton (D:4)
  7 rats
79 creatures vanquished.

Notes
Turn   | Place    | Note
-------+----------+-------------------------------------------
     0 | D:1      | Forgol the Kobold Berserker began the quest for the Orb.
     0 | D:1      | Reached XP level 1. HP: 14/14 MP: 1/1
   311 | D:1      | Reached XP level 2. HP: 19/19 MP: 2/2
   686 | D:1      | Reached XP level 3. HP: 8/23 MP: 3/3
  1433 | D:2      | Reached skill level 5 in Short Blades
  1643 | D:2      | Reached ** piety under Trog
  1692 | D:2      | Reached XP level 4. HP: 29/29 MP: 4/4
  2135 | D:3      | Noticed a bullfrog
  2185 | D:3      | Killed a bullfrog
  2185 | D:3      | Reached XP level 5. HP: 33/33 MP: 5/5
  2350 | D:3      | Reached skill level 6 in Short Blades
  2771 | D:3      | Reached XP level 6. HP: 39/39 MP: 6/6
  3315 | D:4      | Noticed an ogre
  3385 | D:4      | Killed an ogre
  3385 | D:4      | Reached skill level 7 in Short Blades
  3682 | D:4      | Reached XP level 7. HP: 43/44 MP: 7/7
  3728 | D:4      | Reached skill level 5 in Fighting
  3848 | D:4      | Found a blossoming altar of Fedhas.
  3941 | D:4      | Reached skill level 8 in Short Blades
  3941 | D:4      | Reached skill level 5 in Dodging
  4155 | D:5      | Entered Level 5 of the Dungeon
  5192 | D:5      | Found a sparkling altar of Nemelex Xobeh.
  5192 | D:5      | Found a faded altar of an unknown god.
  5199 | D:5      | Found a shadowy altar of Dithmenos.
  5201 | D:5      | Found a blossoming altar of Fedhas.
  5203 | D:5      | Found a glowing golden altar of the Shining One.
  5281 | D:6      | Reached XP level 8. HP: 50/50 MP: 8/8
  5379 | D:6      | Reached skill level 9 in Short Blades
  5423 | D:6      | Found a staircase to the Ecumenical Temple.
  5469 | D:6      | Killed from afar by an orc priest

Skill      XL: |  1  2  3  4  5  6  7  8 |
---------------+-------------------------+-----
Dodging        | 3 4 5 |  5.6
Short Blades   | 5 6 7 8 9 |  9.0
Fighting       | 4 5 |  5.7
Armour         | |  1.5

Action                   |  1- 3 |  4- 6 |  7- 9 || total
-------------------------+-------+-------+-------++-------
Melee: Short sword       |    99 |   143 |   105 ||   347
Throw: Tomahawk          |       |    13 |     5 ||    18
Invok: Berserk           |     3 |     6 |     5 ||    14
       Trog's Hand       |       |       |     1 ||     1
  Use: Scroll            |     2 |    10 |     5 ||    17
       Potion            |       |       |     1 ||     1
  Eat: Chunk             |    12 |    13 |    10 ||    35
Armor: Animal skin       |     5 |       |       ||     5
       Scale mail        |     6 |    41 |    31 ||    78
Dodge: Dodged            |    60 |    74 |    87 ||   221
